AoeStats
← Armes Würstchen

MegaRandom

510141062Analyzed
4v4 RM · 17h ago on Sep 29, 2026· 71m 33s· 8 players
Game mode
Random Map
Map size
Large (8 player)
Population
200
Speed
Normal
Resources
Standard
Victory
Conquest
Starting age
Dark Age
Ending age
Imperial Age
RankedLock teamsTeams togetherTeam positionsShared explorationLock speedFull tech treeHidden civsTurbo modeCheats
Victory
Defeat
🇨🇳 Khmer · China
1063
+11
🇧🇪 Spanish · Belgium
1053
+11
🇹🇼 Sicilians · Taiwan
1006
+13
🇭🇰 Burgundians · Hong Kong SAR China
985
+14
🇩🇪 Franks · Germany
1066
-16
🇩🇪 Ethiopians · Germany
982
-14
🇩🇪 Italians · Germany
921
-11
🇩🇪 Varangians · Germany
818
-8
iw5420
13:11 Feudal Age
13:12 Loom
13:37 Town Watch
13:41 Double-Bit Axe
19:38 Castle Age
19:43 Horse Collar
21:12 Wheelbarrow
24:11 Hand Cart
25:18 Bow Saw
27:01 Gold Mining
28:33 Gold Shaft Mining
33:06 Imperial Age
31:00 Stone Mining
31:43 Forging
31:34 Scale Mail Armor
33:15 Stone Shaft Mining
33:39 Iron Casting
33:20 Chain Mail Armor
33:21 Caravan
34:28 First Crusade
35:25 Blast Furnace
34:38 Masonry
34:24 Murder Holes
34:59 Ballistics
35:40 Chemistry
34:25 Arrowslits
35:44 Pikeman
37:59 Plate Mail Armor
37:20 Fletching
37:50 Capped Ram
40:10 Bodkin Arrow
42:25 Bracer
51:08 Padded Archer Armor
52:18 Leather Archer Armor
51:29 Crossbowman
52:24 Arbalester
58:16 Conscription
58:03 Hauberk
59:20 Husbandry
59:31 Bloodlines
58:42 Cavalier
63:12 Hauberk
66:09 Scale Barding Armor
69:06 Chain Barding Armor
Wimvdm91
11:23 Feudal Age
12:21 Double-Bit Axe
13:00 Fishing Lines
18:37 Castle Age
16:35 Stone Mining
20:35 Bow Saw
20:59 Medium Warships
21:59 Gillnets
24:47 Husbandry
24:58 Bloodlines
25:58 Ballistics
29:43 Horse Collar
34:30 Imperial Age
32:15 Gold Mining
33:19 Fletching
34:50 Forging
34:46 Scale Barding Armor
34:45 Caravan
36:28 Chemistry
35:56 Conscription
36:41 Wheelbarrow
36:09 Elite Conquistador
37:52 Hand Cart
38:51 Cavalier
40:09 Iron Casting
39:56 Chain Barding Armor
40:14 Bodkin Arrow
42:27 Plate Barding Armor
52:27 Paladin
54:40 Blast Furnace
57:57 Bracer
63:07 Two-Man Saw
65:01 Squires
64:47 Arson
65:04 Padded Archer Armor
66:26 Heavy Plow
66:42 Thumb Ring
65:58 Elite Skirmisher
67:01 Light Cavalry
68:23 Leather Archer Armor
71:28 Hussar
diepat
3:56 Double-Bit Axe
4:49 Loom
13:43 Feudal Age
13:32 Fishing Lines
15:48 Bow Saw
16:57 Gillnets
17:35 Forging
18:27 Horse Collar
23:28 Castle Age
21:53 Heavy Plow
25:40 Wheelbarrow
26:35 Gold Mining
26:38 Stone Mining
32:49 Imperial Age
31:49 Iron Casting
31:20 Scale Barding Armor
31:54 Cavalier
32:37 Husbandry
32:56 Hand Cart
32:34 Fletching
34:23 Gold Shaft Mining
34:21 Paladin
36:19 Stone Shaft Mining
36:33 Conscription
43:48 Town Watch
45:57 Chemistry
45:18 Ballistics
46:16 Blast Furnace
45:36 Chain Barding Armor
45:14 Bodkin Arrow
46:07 Pikeman
46:48 Squires
46:33 Arson
47:39 Light Cavalry
47:44 Halberdier
49:31 Hussar
50:48 Man-at-Arms
51:49 Town Patrol
52:29 Plate Barding Armor
51:55 Bracer
51:56 Scale Mail Armor
51:57 Padded Archer Armor
54:23 Burgundian Vineyards
54:57 Hoardings
55:04 Coinage
54:45 Guilds
58:36 Banking
58:07 Caravan
57:42 Crossbowman
57:42 Elite Skirmisher
58:31 Onager
64:09 Crop Rotation
64:41 Two-Man Saw
64:01 Leather Archer Armor
64:01 Chain Mail Armor
67:28 Long Swordsman
69:32 Fervor
king vitt
0:33 Loom
19:56 Feudal Age
22:54 Castle Age
20:38 Horse Collar
20:54 Double-Bit Axe
21:15 Gold Mining
24:09 Bow Saw
24:04 Heavy Plow
24:45 Gold Shaft Mining
26:51 Imperial Age
26:25 Wheelbarrow
27:34 Hand Cart
27:55 Stone Mining
29:11 Crop Rotation
29:31 Town Watch
30:48 Stone Shaft Mining
33:19 Scale Barding Armor
33:25 Forging
34:18 Chemistry
33:39 Ballistics
34:50 Chain Barding Armor
34:42 Siege Engineers
35:34 Conscription
35:15 Double Crossbow
36:52 Plate Barding Armor
36:53 Iron Casting
36:22 Murder Holes
36:39 Masonry
35:55 Elite Ballista Elephant
36:50 Heavy Scorpion
38:19 Hoardings
37:53 Husbandry
39:21 Architecture
39:29 Bloodlines
41:35 Light Cavalry
43:25 Blast Furnace
43:40 Hussar
60:22 Caravan
69:43 Capped Ram
tgfreak
12:55 Feudal Age
11:11 Loom
13:00 Feudal Age
14:01 Double-Bit Axe
16:53 Fletching
20:02 Castle Age
18:39 Wheelbarrow
17:53 Fishing Lines
18:39 Padded Archer Armor
20:28 Crossbowman
20:58 Pikeman
22:46 Ballistics
23:06 Bodkin Arrow
25:12 Leather Archer Armor
29:34 Bow Saw
33:36 Thumb Ring
36:58 Caravan
41:15 Imperial Age
39:02 Hand Cart
43:32 Imperial Age
43:39 Silk Road
45:44 Conscription
45:33 Town Watch
46:54 Conscription
48:29 Elite Genoese Crossbowman
54:02 Bracer
54:33 Ring Archer Armor
55:13 Chemistry
65:47 Squires
67:03 Scale Mail Armor
67:13 Forging
Nils der Zerstörer
4:05 Loom
10:56 Feudal Age
17:00 Castle Age
20:13 Double-Bit Axe
20:46 Scale Barding Armor
20:52 Forging
21:37 Bow Saw
26:25 Wheelbarrow
25:42 Town Watch
26:57 Husbandry
29:45 Hand Cart
34:12 Imperial Age
31:43 Gold Mining
31:44 Stone Mining
32:39 Town Patrol
33:18 Iron Casting
34:28 Chain Barding Armor
34:00 Fletching
34:19 Cavalier
35:40 Gold Shaft Mining
36:46 Blast Furnace
38:36 Plate Barding Armor
39:26 Paladin
42:05 Conscription
43:02 Bodkin Arrow
45:17 Chivalry
48:44 Light Cavalry
Robb Stark
8:06 Loom
11:07 Feudal Age
13:11 Double-Bit Axe
17:12 Castle Age
15:39 Fishing Lines
16:04 Fletching
17:15 Horse Collar
18:08 Crossbowman
20:02 Bodkin Arrow
21:28 Padded Archer Armor
22:36 Thumb Ring
25:50 Leather Archer Armor
29:18 Heavy Plow
30:11 Bow Saw
31:54 Wheelbarrow
37:03 Ballistics
41:01 Imperial Age
41:12 Arbalester
44:01 Chemistry
43:31 Bracer
44:16 Ring Archer Armor
47:56 Conscription
49:20 Two-Man Saw
65:24 Elite Skirmisher
70:29 Scale Mail Armor
70:40 Forging
70:20 Halberdier
Armes Würstchen
8:02 Loom
10:55 Feudal Age
14:33 Castle Age
12:33 Double-Bit Axe
12:32 Horse Collar
12:41 Fishing Lines
19:41 Bow Saw
19:48 Heavy Plow
22:43 Wheelbarrow
21:54 Town Watch
24:41 Husbandry
24:51 Bloodlines
24:53 Scale Barding Armor
25:58 Gold Mining
25:59 Stone Mining
26:31 Chain Barding Armor
26:22 Forging
27:07 Hand Cart
31:19 Imperial Age
30:03 Stone Shaft Mining
29:43 Forging
31:18 Iron Casting
30:09 Vendel Legacy
31:28 Ballistics
31:21 Cavalier
32:41 Plate Barding Armor
33:07 Blast Furnace
33:12 Chemistry
32:39 Arson
32:54 Squires
32:39 Gambesons
33:01 Squires
33:32 Capped Ram
35:14 Conscription
34:16 Gothikon
34:26 Siege Ram
35:23 Town Patrol
35:59 Elite Jarl
36:00 Gothikon
41:54 Fletching
42:05 Padded Archer Armor
42:14 Siege Engineers
42:05 Murder Holes
42:20 Fortified Wall
60:30 Caravan
63:54 Light Cavalry
67:43 Hussar
69:45 Two-Man Saw
Connection lost

Rejoining the realm…

Still unreachable

The connection could not be restored.

Session expired

The server has moved on; the page needs a fresh start.